 Dungeon Crawl Stone Soup version 0.32-a0-768-g0f6f1dd4b9 (webtiles) character file.

Game seed: 6302292553192957385

39 mdonais the Sneak (level 3, -2/46 HPs)
             Began as a Gnoll Brigand on Mar 19, 2024.
             Slain by a cerulean imp
             ... wielding a +2 spear
             ... summoned by Natasha
              (5 damage)
             ... on level 1 of the Dungeon.
             The game lasted 00:02:07 (773 turns).

mdonais the Sneak (Gnoll Brigand)                    Turns: 773, Time: 00:02:07

Health: -2/46      AC:  3    Str: 10    XL:     3   Next: 45%
Magic:  3/4        EV: 11    Int: 10    God:
Gold:   66         SH:  0    Dex: 15    Spells: 2/3 levels left

rFire   . . .        a - +2 dagger
rCold   . . .        (no shield)
rNeg    . . .        b - +0 robe
rPois   .            (no helmet)
rElec   .            c - +0 cloak
rCorr   .            (no gloves)
SInv    .            (no boots)
Will    .....        (no amulet) Stlth
                     (no ring)
HPRegen 0.27/turn    (no ring)
MPRegen 0.09/turn

%: no passive effects
@: berserking, slowed
A: fangs 1, strong nose, distributed training
a: no special abilities


You were on level 1 of the Dungeon.
You visited 1 branch of the dungeon, and saw 2 of its levels.

You collected 66 gold pieces.

Inventory:

Hand Weapons
 a - a +2 dagger (weapon)
Missiles
 d - 9 poisoned darts (quivered)
 F - 3 curare-tipped darts
Armour
 b - a +0 robe (worn)
 c - a +0 cloak (worn)
Potions
 f - a potion of curing {unknown}
 g - a potion of berserk rage
 h - a potion of invisibility {unknown}


   Skills:
 + Level 4.5 Fighting
 + Level 4.5 Short Blades
 + Level 0.9 Long Blades
 + Level 0.9 Axes
 + Level 0.9 Maces & Flails
 + Level 0.9 Polearms
 + Level 0.9 Staves
 + Level 0.9 Ranged Weapons
 + Level 4.5 Throwing
 + Level 0.9 Armour
 + Level 2.6 Dodging
 + Level 7.8 Stealth
 + Level 0.9 Shields
 + Level 0.9 Unarmed Combat
 + Level 0.9 Spellcasting
 + Level 0.6 Conjurations
 + Level 0.6 Hexes
 + Level 0.6 Summonings
 + Level 0.6 Necromancy
 + Level 0.6 Translocations
 + Level 0.6 Fire Magic
 + Level 0.6 Ice Magic
 + Level 0.6 Air Magic
 + Level 0.6 Earth Magic
 + Level 0.6 Alchemy
 + Level 1.0 Invocations
 + Level 0.9 Evocations
 + Level 0.7 Shapeshifting


You had 2 spell levels left.
You knew the following spells:

 Your Spells              Type           Power      Damage    Failure   Level
a - Summon Small Mammal   Summ           4%         N/A       26%         1

Your spell library contained the following spells:

 Spells                   Type           Power      Damage    Failure   Level
 Apportation              Tloc           2%         N/A       26%         1
 Necrotise                Necr           4%         1d4       26%         1
 Sting                    Conj/Alch      4%         1d3       26%         1


Dungeon Overview and Level Annotations

Branches:
Dungeon (2/15) Zot: 11239

Altars:

Annotations:
D:1 Natasha


Innate Abilities, Weirdness & Mutations

You have very sharp teeth.
Your uncanny sense of smell can sniff out nearby items.
Your experience applies equally to all skills.


Message History

You feel sick.
Your bat misses the goblin. The quokka barely misses you.
Your bat closely misses the goblin.
The goblin hits you but does no damage. The rat misses you.
The adder bites you.
You take 3 damage, and have 14/31 hp.
You barely miss the adder.
The adder is almost dead.
You feel sick.
Your bat barely misses the goblin.
Your bat hits the goblin. The quokka barely misses you.
The adder barely misses you.
You hit the adder.
The adder is almost dead.
You feel sick.
Your bat closely misses the goblin. x2
The rat barely misses you.
The goblin hits your bat with a +0 club.
Your bat dies!
Your bat's corpse disappears in a puff of smoke!
The quokka bites you. The adder barely misses you.
The goblin shouts!
You take 3 damage, and have 11/31 hp.
You miss the adder.
The adder is almost dead.
The goblin misses you. The rat closely misses you. The quokka bites you.
* * * LOW HITPOINT WARNING * * *
The adder barely misses you.
You take 2 damage, and have 9/31 hp.
You miss the adder.
The adder is almost dead.
You feel sick.
You are no longer poisoned.
The rat bites you but does no damage. The goblin closely misses you.
The adder bites you.
* * * LOW HITPOINT WARNING * * *
The quokka bites you.
* * * LOW HITPOINT WARNING * * *
You take 5 damage, and have 4/31 hp.
It was a potion of heal wounds.
You feel much better. The adder barely misses you. The quokka misses you.
The goblin hits you but does no damage. The rat misses you.
You regained 17 hp, and now have 21/31 hp.
You hit the adder.
You kill the adder!
The quokka barely misses you. The rat bites you.
The goblin hits you with a +0 club.
Your Invocations skill increases to level 1!
You take 1 damage, and have 20/31 hp.
You hit the goblin.
You kill the goblin!
The quokka bites you but does no damage.
You hit the quokka but do no damage. The rat bites you but does no damage.
The quokka misses you.
You barely miss the quokka.
The rat twitches its whiskers.
The rat closely misses you.
The quokka bites you but does no damage.
You hit the quokka.
The quokka is severely wounded.
The rat bites you but does no damage. The quokka bites you.
You take 3 damage, and have 17/31 hp.
Casting: Summon Small Mammal (safe; 28% risk of failure)
Confirm with . or Enter, or press ? or * to list all spells.
The quokka barely misses you. The rat bites you.
You now have 2/4 mp.
You hit the quokka.
You kill the quokka!
You hit the rat but do no damage. The rat bites you but does no damage.
Your rat barely misses the rat.
You hit the rat.
You kill the rat!
No target in view!
You see here a quokka corpse.
A kobold comes into view. It is wielding a +0 club.
Natasha, Servant of Life and Death comes into view.
Natasha hisses angrily.
The kobold throws a stone.
The stone barely misses you.
Natasha moves out of view.
A ball python, a bat and an endoplasm come into view.
Found a stone.
An endoplasm comes into view.
The kobold throws a stone.
The stone hits you but does no damage.
There is a stone staircase leading up here.
Natasha completely misses you.
You climb upwards.
Your summoned ally is left behind.
There is a stone staircase leading down here.
Casting: Summon Small Mammal (safe; 26% risk of failure)
Confirm with . or Enter, or press ? or * to list all spells.
Natasha casts a spell at you.
You feel yourself slow down.
You now have 2/4 mp.
You closely miss Natasha.
Your bat hits Natasha but does no damage.
Natasha stares at you and mumbles some strange words.
The magic dart hits you.
You take 5 damage, and have 15/31 hp.
You hit Natasha.
Natasha is lightly wounded.
Your bat hits Natasha but does no damage.
Natasha barely misses you.
Your bat hits Natasha but does no damage.
You closely miss Natasha.
Natasha is lightly wounded.
Your bat hits Natasha but does no damage.
Your bat misses Natasha. Natasha claws you.
Your bat closely misses Natasha.
You take 1 damage, and have 14/31 hp.
You barely miss Natasha. Your bite misses Natasha.
Natasha is lightly wounded.
Your bat closely misses Natasha.
Your bat hits Natasha.
Your bat hits Natasha but does no damage.
Natasha closely misses you.
Your bat misses Natasha. You hit Natasha. Your bite misses Natasha.
Natasha is heavily wounded.
Your bat hits Natasha but does no damage. x2
Natasha claws you.
Natasha casts a spell.
You take 3 damage, and have 11/31 hp.
You completely miss Natasha.
Natasha is heavily wounded.
Your bat hits the cerulean imp but does no damage.
Your bat barely misses the cerulean imp.
Natasha barely misses you.
The cerulean imp hits you from afar with a +2 spear.
* * * LOW HITPOINT WARNING * * *
You take 2 damage, and have 9/31 hp.
You barely miss Natasha.
Natasha is heavily wounded.
Your bat hits the cerulean imp but does no damage.
Natasha closely misses you. The cerulean imp closely misses you.
You feel much better.
Your bat hits the cerulean imp.
Your bat hits the cerulean imp but does no damage.
Natasha casts a spell at you. The magic dart hits you!
The cerulean imp hits you from afar with a +2 spear!
Natasha casts a spell at you. The magic dart hits you!
* * * LOW HITPOINT WARNING * * *
You take 5 damage, and have 4/31 hp.
It was a potion of berserk rage.
A red film seems to cover your vision as you go berserk!
You feel yourself moving faster!
You feel mighty!
Your bat barely misses the cerulean imp. x2
The cerulean imp closely misses you.
Your bat hits the cerulean imp but does no damage.
Natasha barely misses you.
The cerulean imp hits you from afar with a +2 spear.
* * * LOW HITPOINT WARNING * * *
You now have 3/46 hp.
You hit Natasha.
Natasha is heavily wounded.
Your bat hits the cerulean imp but does no damage.
Natasha barely misses you.
The cerulean imp hits you from afar with a +2 spear.
You die...

##.###.#..÷....####.#######.##.##
.....#.####)#.#................#
.....#.# #....>###............###
.......# ##.#.## #>.....###......
.....### #.....###.####.# ###.###
.....# ##.#.##........# #.###
##.### #.......#.###### #....
##.# ##.#.##.#.##########..##
##†# #)....#@#.............##
##.# ##.#.##h#############...
##.# ######5# #..# ##.# #.#
######## ##.# #.# ####.......
...# #b# ##...####'## ...## #.#
##.#### #...# ....# #.# #.##
#...# ....# #.# ##.########'##


You could see Natasha (ally target), a cerulean imp (summoned) and a friendly
bat (summoned).

Vanquished Creatures
  An adder (D:2)
  3 bats (D:1)
  5 endoplasms (D:1)
  A giant cockroach (D:1)
  4 goblins
  2 hobgoblins (D:1)
  A jackal (D:1)
  3 quokkas
  A frilled lizard (D:1)
  3 kobolds (D:1)
  3 rats
27 creatures vanquished.

Notes
Turn   | Place    | Note
-------+----------+-------------------------------------------
     0 | D:1      | mdonais the Gnoll Brigand began the quest for the Orb.
     0 | D:1      | Reached XP level 1. HP: 20/20 MP: 1/1
    73 | D:1      | Reached XP level 2. HP: 14/26 MP: 2/2
   167 | D:1      | Learned a level 1 spell: Summon Small Mammal
   545 | D:1      | Reached XP level 3. HP: 24/31 MP: 3/3
   716 | D:1      | You fall into a shaft and drop 1 floor!
   746 | D:2      | Reached skill level 1 in Invocations
   758 | D:2      | Noticed Natasha
   773 | D:1      | Slain by a cerulean imp

Illustrated notes

Levels and vault maps discovered:
D:1:      dpeg_arrival_another_circle, layout_loops_ring, st_stairs_13
D:2:      layout_rooms, serial_shops, nicolae_shop_bloodbath_and_beyond,
          uniq_crazy_yiuf_cottage, uniq_natasha, uniq_jessica

Skill      XL: |  1  2  3 |
---------------+----------+-----
Invocations    | 1 |  1.0
Fighting       | |  4.5
Short Blades   | |  4.5
Long Blades    | |  0.9
Axes           | |  0.9
Maces & Flails | |  0.9
Polearms       | |  0.9
Staves         | |  0.9
Ranged Weapons | |  0.9
Throwing       | |  4.5
Armour         | |  0.9
Dodging        | |  2.6
Stealth        | |  7.8
Shields        | |  0.9
Unarmed Combat | |  0.9
Spellcasting   | |  0.9
Conjurations   | |  0.6
Hexes          | |  0.6
Summonings     | |  0.6
Necromancy     | |  0.6
Translocations | |  0.6
Fire Magic     | |  0.6
Ice Magic      | |  0.6
Air Magic      | |  0.6
Earth Magic    | |  0.6
Alchemy        | |  0.6
Evocations     | |  0.9
Shapeshifting  | |  0.7

Action                     || total
---------------------------++-------
  Melee: Dagger            ||    76
         Bite              ||     6
   Cast: Summon Small Mamm ||     4
    Use: Potion            ||     3
   Stab: Sleeping          ||    12
 Armour: Robe              ||    61
  Dodge: Dodged            ||    62

Table legend: (Time is in decaauts)
 A = Elapsed time spent in this place.
 B = Non-inter-level travel time spent in this place.
 C = Inter-level travel time spent in this place.
 D = Time resting spent in this place.
 E = Time spent auto-exploring this place.
 F = Levels seen in this place.
 G = Mean time per level.
                   A        B        C        D        E       F      G
               +--------+--------+--------+--------+--------+-----+--------+
         Total |    759 |    759 |      0 |      0 |    570 |   2 |  379.5 |
       Dungeon |    759 |    759 |      0 |      0 |    570 |   2 |  379.5 |
               +--------+--------+--------+--------+--------+-----+--------+

Top non-repeatable levels by time:
     D:1: 718 daAuts
     D:2: 41 daAuts
